 Dungeon Crawl Stone Soup version 0.25-a0-308-geac79542e2 (webtiles) character file.

Game seed: 17743340969746410858, levelgen mode: deterministic

845 bmfx the Summoner (level 7, -4/36 HPs)
             Began as a Deep Elf Summoner on Dec 21, 2019.
             Slain by Grinder (6 damage)
             ... while paralysed by Grinder
             ... on level 6 of the Dungeon.
             The game lasted 00:19:33 (8385 turns).

bmfx the Summoner (Deep Elf Summoner)               Turns: 8385, Time: 00:19:33

Health: -4/36      AC:  3    Str:  5    XL:     7   Next: 68%
Magic:  11/18      EV:  2    Int: 22    God:
Gold:   291        SH:  0    Dex: 15    Spells: 5/18 levels left

rFire    . . .     SeeInvis .   u - +4 hand axe
rCold    . . .     Gourm    .   (no shield)
rNeg     . . .     Faith    .   a - +0 robe
rPois    .         Spirit   .   n - +0 helmet
rElec    .         Reflect  .   (no cloak)
rCorr    .         Harm     .   (no gloves)
MR       .....                  (no boots)
Stlth    +++.......             (no amulet)
HPRegen  0.12/turn              (no ring)
MPRegen  0.16/turn              (no ring)

@: paralysed, very slightly contaminated
A: no striking features
a: no special abilities


You were on level 6 of the Dungeon.
You were not hungry.

You visited 1 branch of the dungeon, and saw 6 of its levels.
You also visited: Sewer.

You collected 291 gold pieces.

Dungeon Overview and Level Annotations

Branches:
Dungeon (6/15)              Sewer (visited)
 Temple: D:4-7

Altars:
Gozag
Qazlal
Xom
Zin

Annotations:
D:3 2 transporters, exclusions: orc priest and 3 orc wizards, Borgoz's ghost, amateur GrBe
D:6 Grinder


   Skills:
 + Level 3.2 Dodging
 - Level 4.0 Stealth
 - Level 6.0 Spellcasting
 - Level 9.0 Summonings


You had 5 spell levels left.
You knew the following spells:

 Your Spells              Type           Power        Failure   Level  Hunger
A - Summon Ice Beast      Ice/Summ       ####....     14%         4    ###....
B - Call Imp              Summ           #####...     1%          2    None
C - Call Canine Familiar  Summ           #####...     1%          3    #......
D - Summon Lightning Spi  Summ/Air       ####....     14%         4    ###....

Your spell library contained the following spells:

 Spells                   Type           Power        Failure   Level  Hunger
 Summon Small Mammal      Summ           ####         1%          1    None
 Summon Guardian Golem    Hex/Summ       ####....     4%          3    #......

Action                   |  1- 3 |  4- 6 |  7- 9 || total
-------------------------+-------+-------+-------++-------
Melee: Dagger            |    58 |    65 |     2 ||   125
       Hand axe          |       |       |    17 ||    17
Throw: Dart              |     2 |    27 |       ||    29
 Cast: Summon Small Mamm |    19 |       |       ||    19
       Call Imp          |    35 |    20 |       ||    55
       Call Canine Famil |     1 |    20 |     2 ||    23
       Summon Ice Beast  |       |    17 |    34 ||    51
       Summon Lightning  |       |     1 |       ||     1
  Use: Scroll            |     3 |     7 |     3 ||    13
       Potion            |     1 |     1 |       ||     2
 Stab: Sleeping          |     8 |     8 |     1 ||    17
       Distracted        |       |     1 |       ||     1
  Eat: Chunk             |     5 |    17 |    11 ||    33
Armor: Robe              |    14 |    15 |     6 ||    35
Dodge: Dodged            |    66 |    73 |    25 ||   164

Skill      XL: |  1  2  3  4  5  6  7 |
---------------+----------------------+-----
Stealth        | 3 4 |  4.0
Spellcasting   | 4 5 6 |  6.0
Summonings     | 5 6 7 9 |  9.0
Dodging        | 3 |  3.2

Inventory:

Hand Weapons
 d - a +1 dagger of venom
 h - a +0 dagger
 i - a +0 broad axe
 u - a +4 hand axe (weapon)
Missiles
 j - 24 poisoned darts (quivered)
 s - 6 curare-tipped darts
 w - a throwing net {!f}
Armour
 a - a +0 robe (worn)
 n - a +0 helmet (worn)
Jewellery
 b - an uncursed ring of fire {unknown}
 f - a +2 amulet of reflection {unknown}
 z - an uncursed amulet of guardian spirit {unknown}
Scrolls
 e - 3 scrolls of teleportation {@r1}
 l - a scroll of enchant weapon
 r - a scroll of blinking {unknown}
 y - a scroll of fear {unknown}
Potions
 g - 2 potions of heal wounds
 k - a potion of berserk rage
 m - 2 potions of haste {@q4}
 o - a potion of magic
 p - a potion of might
 q - a potion of lignification
 t - 2 potions of ambrosia
 x - a potion of mutation {unknown}
Comestibles
 c - 13 rations

....... . #
..(....... ..#.
........... .....
###..........
...##.#.^.......###
.$...............
#.#............
#..YY.........
..#.####@5.......##
................(.#
##.##.............##.
#........รท.......
#..?###........#..
##.. ##......### ##.
#.......# .###.
##...#..# .....
#....#..#


You could see Grinder and 2 friendly ice beasts.

Vanquished Creatures
  A hound (D:4)
  A worker ant (D:4)
  A hound skeleton (D:4)
  6 adders
  A leopard gecko (D:4)
  2 orcs
  4 ball pythons
  A giant cockroach (D:2)
  3 goblins
  3 hobgoblins
  A jackal (D:2)
  2 kobolds
  A bat (D:2)
  A frilled lizard (D:3)
  4 rats
32 creatures vanquished.

Vanquished Creatures (collateral kills)
  An ice beast (D:5)
  A bullfrog (D:6)
  6 big kobolds (Sewer)
  A scorpion (D:5)
  2 howler monkeys
  A jelly (D:5)
  2 orc wizards (D:5)
  A centaur skeleton (D:5)
  3 iguanas
  A worker ant (D:4)
  11 gnolls (D:5)
  12 adders
  3 river rats (D:5)
  A shadow imp (D:6)
  3 oozes
  6 worms
  3 dart slugs
  2 leopard geckos
  12 orcs
  4 giant cockroaches
  8 goblins
  10 hobgoblins
  5 jackals
  A quokka (D:4)
  3 ball pythons (Sewer)
  3 bats
  2 frilled lizards
  16 kobolds
  A leopard gecko skeleton (D:4)
  10 rats
135 creatures vanquished.

Grand Total: 167 creatures vanquished

Levels and vault maps discovered:
D:1:      giann_bridges, layout_basic
D:2:      layout_loops_ring, grunt_qazlal_clouds, kennysheep_path_1,
          minivault_24, kennysheep_boxes
D:3:      layout_basic, grunt_temple_overflow_gold_and_silver,
          lemuel_coloured_pillars_altar, lemuel_round_altar,
          gammafunk_ghost_smash
D:4:      layout_layer_cave
D:5:      corexii_shantytown, layout_gridville, lightli_sewer_entry_pipes,
          first_ration, minmay_circle_x
D:6:      layout_cave_pools, nemelex_xobeh_ov_fountains_minmay, dk_vineyard_2,
          grunt_ministairs_1, roderic_lattice_a, uniq_grinder,
          uniq_crazy_yiuf_cottage, uniq_sigmund, uniq_pikel


Message History

Casting: Summon Ice Beast (safe; 14% risk of failure)
Confirm with . or Enter, or press ? or * to list all spells.
A chill wind blows around you.
Your ice beast barely misses Grinder.
Grinder blinks!
Grinder blinks!
You swap places.
Grinder gestures at you.
You suddenly lose the ability to move!
Grinder blinks!
Grinder hits you!
You writhe in agony.
Grinder hits you.
* * * LOW HITPOINT WARNING * * *
You writhe in agony.
* * * LOW HITPOINT WARNING * * *
Your ice beast barely misses Grinder.
Your ice beast hits Grinder.
Your ice beast freezes Grinder.
Grinder resists.
Grinder hits you.
* * * LOW HITPOINT WARNING * * *
You writhe in agony.
You die...

Notes
Turn   | Place    | Note
-------+----------+-------------------------------------------
     0 | D:1      | bmfx the Deep Elf Summoner began the quest for the Orb.
     0 | D:1      | Reached XP level 1. HP: 10/10 MP: 6/6
   326 | D:1      | Reached XP level 2. HP: 15/15 MP: 4/8
   342 | D:1      | Learned a level 2 spell: Call Imp
  1275 | D:2      | Found a stormy altar of Qazlal.
  1409 | D:2      | Reached XP level 3. HP: 19/19 MP: 10/10
  2200 | D:2      | Reached skill level 5 in Summonings
  2526 | D:3      | Learned a level 3 spell: Call Canine Familiar
  2541 | D:3      | Reached XP level 4. HP: 24/24 MP: 8/12
  2663 | D:3      | Found a glowing silver altar of Zin.
  2663 | D:3      | Found an opulent altar of Gozag.
  2769 | D:3      | Found a shimmering altar of Xom.
  2774 | D:3      | Found a transporter.
  2916 | D:3      | Noticed Borgoz's ghost (amateur GrBe)
  2917 | D:3      | Noticed an ogre
  2918 | D:3      | Identified the +6 dire flail "Aluceisa" {freeze, MR+ MP+9}
  2918 | D:3      | Noticed an ogre
  2925 | D:3      | Found a transporter.
  3667 | D:4      | Reached skill level 5 in Spellcasting
  3667 | D:4      | Reached XP level 5. HP: 28/28 MP: 12/14
  4710 | D:3      | Reached skill level 6 in Summonings
  4822 | D:5      | Entered Level 5 of the Dungeon
  4875 | D:5      | Reached XP level 6. HP: 32/32 MP: 14/17
  5275 | D:5      | Found a glowing drain.
  5291 | Sewer    | Entered a sewer
  5315 | Sewer    | Learned a level 4 spell: Summon Ice Beast
  5320 | Sewer    | Learned a level 4 spell: Summon Lightning Spire
  5554 | Sewer    | Reached skill level 7 in Summonings
  6512 | Sewer    | Reached XP level 7. HP: 36/36 MP: 14/18
  6709 | D:5      | Reached skill level 8 in Summonings
  7716 | D:5      | Reached skill level 9 in Summonings
  8369 | D:6      | Noticed Grinder
  8370 | D:6      | Paralysed by Grinder for 6 turns
  8380 | D:6      | Paralysed by Grinder for 6 turns
  8385 | D:6      | Slain by Grinder
